Map: Vaani Research Station (Void)

Players

JimRising

  • Race: Zerg Zerg
  • League: Grandmaster
  • Spawn Location: 6:00

KingTesla (Rob) - Winner!

  • Race: Protoss Protoss
  • League: Grandmaster
  • Spawn Location: 12:00

VOD

Have the link to the VOD?

Description

Time

  • Played on: Nov. 30, 2016, 5:38 p.m.
  • Length: 12:59
Show
View Real Time Build Order
Export as new Build Order

JimRising Zerg 

Build Orders: Hatch First 

Get SALT Encoding   

  12  0:00  Drone  
  13  0:13  Overlord  
  13  0:18  Drone  
  14  0:31  Drone x2  
  17  0:35  Drone  
  17  0:45  Drone  
  18  1:00  Hatchery  
  17  1:06  Drone  
  17  1:07  Extractor  
  17  1:22  Spawning Pool  
  17  1:23  Drone  
  17  1:25  Drone  
  18  1:32  Drone  
  19  1:41  Overlord  
  19  2:03  Drone x2  
  21  2:08  Queen  
  21  2:12  Queen, Metabolic Boost  
  21  2:14  Zergling x2  
  26  2:18  Drone  
  26  2:22  Drone  
  28  2:25  Drone  
  29  2:37  Drone x2  
  31  2:48  Zergling x2  
  32  2:56  Hatchery  
  31  3:00  Queen  
  31  3:02  Overlord  
  31  3:04  Overlord  
  33  3:11  Overlord  
  33  3:12  Drone  
  34  3:14  Drone  
  34  3:19  Drone  
  36  3:20  Drone x2  
  36  3:24  Drone  
  36  3:25  Drone  
  40  3:33  Drone x4  
  44  3:35  Extractor  
  44  3:40  Zergling x2  
  44  3:42  Zergling x4  
  44  3:47  Baneling Nest  
  45  3:54  Spore Crawler  
  44  3:56  Drone x2  
  44  4:00  Lair  
  46  4:09  Drone x5  
  43  4:11  Drone  
  43  4:13  Drone  
  36  4:23  Drone x2  
  38  4:30  Drone x2  
  41  4:31  Drone  
  41  4:36  Drone  
  42  4:39  Drone  
  42  4:47  Drone x4  
  42  4:51  Drone x2  
  48  4:55  Drone  
  48  4:59  Hydralisk Den  
  48  5:04  Drone x3  
  48  5:05  Drone  
  52  5:10  Drone  
  52  5:11  Drone  
  52  5:12  Evolution Chamber  
  53  5:15  Drone x2  
  53  5:19  Overlord  
  54  5:27  Drone x3  
  57  5:29  Overlord x2  
  57  5:31  Grooved Spines  
  57  5:35  Overseer  
  57  5:42  Extractor x2  
  56  5:43  Drone x3  
  56  5:45  Drone x3  
  56  5:46  Drone x2  
  56  5:47  Drone  
  56  5:49  Drone x3  
  67  5:51  Drone  
  67  5:55  Drone x3  
  71  5:58  Zerg Missile Weapons Level 1  
  71  6:04  Hydralisk x2  
  75  6:18  Hydralisk x4, Drone, Spore Crawler  
  81  6:29  Spire  
  81  6:31  Drone  
  81  6:33  Overlord  
  81  6:34  Extractor  
  81  6:35  Extractor  
  77  6:42  Hatchery  
  77  6:44  Overlord  
  75  6:51  Overlord  
  75  6:53  Drone x3  
  75  6:54  Drone x3  
  80  6:56  Overlord x2  
  81  7:04  Drone x3  
  81  7:06  Queen  
  81  7:07  Overlord x2  
  86  7:16  Drone  
  86  7:17  Drone x10  
  97  7:26  Overseer  
  97  7:27  Overlord  
  97  7:35  Drone  
  97  7:39  Drone  
  98  7:45  Zerg Flyer Weapons Level 1  
  98  7:46  Corruptor x5  
  98  7:48  Corruptor  
  111  7:51  Drone x2  
  111  7:56  Drone x3  
  111  7:57  Extractor  
  114  7:59  Extractor  
  114  8:04  Hatchery  
  111  8:08  Drone, Spore Crawler  
  111  8:09  Drone  
  112  8:23  Hydralisk x6  
  112  8:24  Hydralisk x2  
  112  8:25  Overlord  
  112  8:26  Drone x3  
  132  8:27  Overlord, Drone x3  
  132  8:36  Hydralisk x4  
  132  8:38  Hydralisk x2  
  134  8:43  Hydralisk  
  134  8:44  Hydralisk  
  136  8:48  Spore Crawler  
  136  8:53  Hydralisk x2, Zerg Missile Weapons Level 2  
  136  8:54  Hydralisk x4  
  147  8:56  Infestation Pit  
  147  8:57  Overseer  
  147  9:00  Queen  
  148  9:04  Spore Crawler  
  148  9:09  Muscular Augments, Corruptor  
  147  9:10  Overlord  
  147  9:11  Overlord x3  
  149  9:21  Extractor  
  149  9:23  Extractor  
  147  9:32  Hive  
  147  9:33  Drone  
  147  9:35  Spire  
  147  9:37  Spine Crawler  
  146  9:39  Spine Crawler  
  146  9:40  Drone x3  
  146  9:41  Overlord, Drone x3  
  146  9:42  Overlord, Drone  
  146  9:43  Drone x6  
  158  9:48  Corruptor x2  
  158  9:49  Corruptor x3  
  168  10:03  Drone  
  169  10:09  Zerg Flyer Weapons Level 2  
  169  10:10  Corruptor x3  
  169  10:13  Zergling x4  
  177  10:22  Drone x3  
  177  10:23  Evolution Chamber  
  177  10:24  Evolution Chamber  
  177  10:25  Evolution Chamber  
  177  10:26  Extractor  
  177  10:27  Hatchery  
  175  10:30  Overlord  
  175  10:31  Pneumatized Carapace  
  175  10:32  Extractor  
  174  10:37  Corruptor x2  
  174  10:39  Drone x2  
  174  10:40  Drone x2, Spine Crawler, Spore Crawler  
  174  10:41  Spine Crawler  
  174  10:42  Drone x2  
  181  10:43  Spine Crawler  
  180  10:50  Greater Spire, Adrenal Glands  
  180  11:05  Viper x3  
  180  11:07  Viper  
  192  11:30  Overseer, Spine Crawler x2  
  192  11:31  Overlord, Spine Crawler  
  189  11:46  Corruptor  
  190  12:07  Brood Lord x5  
  200  12:22  Spore Crawler  
  195  12:24  Spore Crawler  
  195  12:25  Spore Crawler x2  
  195  12:26  Corruptor x5, Spore Crawler  
  195  12:27  Corruptor x6, Spore Crawler  
  195  12:28  Corruptor  
  195  12:29  Spore Crawler x2  
  193  12:31  Spore Crawler  
  193  12:36  Overseer x2  
  193  12:37  Overseer  
Show
View Real Time Build Order
Export as new Build Order

KingTesla Protoss - Winner!

Build Orders: 1 Gate Expand, Oracle Opening 

Get SALT Encoding   

  12  0:00  Probe (Chrono Boost)  
  13  0:11  Probe (Chrono Boost)  
  14  0:17  Pylon  
  14  0:22  Probe (Chrono Boost)  
  16  0:35  Probe (Chrono Boost)  
  16  0:38  Gateway  
  16  0:46  Probe (Chrono Boost)  
  16  0:47  Assimilator  
  17  0:56  Probe (Chrono Boost)  
  18  1:07  Probe (Chrono Boost)  
  19  1:17  Probe (Chrono Boost)  
  20  1:24  Nexus  
  20  1:28  Probe (Chrono Boost)  
  21  1:37  Cybernetics Core  
  21  1:41  Probe (Chrono Boost)  
  21  1:46  Assimilator  
  22  1:51  Probe (Chrono Boost)  
  23  1:55  Pylon  
  23  2:13  Probe (Chrono Boost), Adept (Chrono Boost)  
  23  2:14  Warp Gate  
  26  2:25  Probe, Stargate  
  27  2:35  Probe (Chrono Boost)  
  28  2:37  Probe (Chrono Boost), Adept (Chrono Boost)  
  31  2:46  Probe (Chrono Boost)  
  31  2:49  Probe (Chrono Boost)  
  33  2:57  Probe (Chrono Boost)  
  33  2:59  Adept (Chrono Boost)  
  33  3:00  Probe (Chrono Boost)  
  36  3:08  Probe (Chrono Boost), Oracle (Chrono Boost)  
  36  3:11  Probe  
  41  3:14  Pylon  
  42  3:20  Probe (Chrono Boost)  
  42  3:23  Probe (Chrono Boost)  
  42  3:26  Adept  
  45  3:30  Probe (Chrono Boost)  
  46  3:35  Probe  
  46  3:40  Probe (Chrono Boost), Assimilator  
  47  3:44  Void Ray (Chrono Boost)  
  47  3:47  Probe (Chrono Boost)  
  53  3:52  Probe (Chrono Boost)  
  54  4:00  Pylon  
  54  4:03  Pylon  
  54  4:10  Probe (Chrono Boost)  
  54  4:15  Probe (Chrono Boost)  
  47  4:19  Nexus  
  47  4:21  Probe  
  48  4:24  Forge  
  48  4:27  Probe  
  48  4:28  Void Ray (Chrono Boost)  
  53  4:35  Assimilator  
  53  4:36  Probe  
  53  4:37  Pylon  
  54  4:41  Adept  
  54  4:56  Stargate  
  54  4:59  Pylon, Adept  
  56  5:02  Mothership Core (Chrono Boost)  
  56  5:03  Probe (Chrono Boost)  
  56  5:05  Void Ray (Chrono Boost)  
  63  5:08  Pylon  
  63  5:15  Probe  
  64  5:21  Probe  
  64  5:22  Pylon  
  64  5:26  Probe  
  66  5:30  Probe  
  66  5:31  Fleet Beacon  
  66  5:33  Probe  
  68  5:35  Assimilator  
  68  5:37  Probe  
  68  5:40  Probe  
  68  5:41  Oracle (Chrono Boost)  
  73  5:45  Probe (Chrono Boost)  
  74  5:50  Photon Cannon  
  74  5:52  Probe (Chrono Boost)  
  74  5:54  Probe (Chrono Boost)  
  74  5:55  Photon Cannon  
  76  5:57  Probe (Chrono Boost)  
  76  6:02  Probe  
  76  6:03  Probe  
  78  6:08  Probe  
  80  6:15  Carrier (Chrono Boost)  
  85  6:21  Probe  
  85  6:23  Probe x2  
  85  6:24  Assimilator  
  88  6:33  Carrier (Chrono Boost)  
  94  6:45  Probe  
  94  6:46  Probe  
  93  6:47  Protoss Air Weapons Level 1, Stargate  
  93  6:50  Pylon x2  
  93  6:51  Graviton Catapult (Chrono Boost)  
  93  6:59  Photon Cannon  
  93  7:03  Pylon  
  93  7:11  Pylon  
  93  7:21  Photon Cannon  
  93  7:22  Photon Cannon  
  93  7:26  Adept  
  93  7:29  Nexus  
  95  7:30  Carrier (Chrono Boost)  
  95  7:34  Carrier (Chrono Boost)  
  103  7:42  Pylon  
  103  7:47  Probe x2  
  103  7:48  Probe  
  103  7:51  Assimilator, Carrier (Chrono Boost)  
  112  7:55  Assimilator  
  112  7:59  Probe  
  113  8:08  Adept  
  113  8:12  Gateway x2  
  115  8:14  Gateway  
  115  8:15  Probe x2, Gateway  
  111  8:46  Carrier (Chrono Boost)  
  117  8:51  Carrier (Chrono Boost)  
  117  8:54  Twilight Council  
  123  8:58  Probe x2  
  123  8:59  Probe  
  123  9:00  Probe  
  127  9:05  Carrier (Chrono Boost)  
  127  9:08  Gateway  
  127  9:09  Probe, Gateway  
  133  9:10  Probe  
  133  9:11  Probe  
  133  9:12  Gateway  
  133  9:14  Gateway  
  133  9:15  Gateway  
  136  9:18  Photon Cannon  
  142  9:27  Adept x3  
  142  9:30  Adept  
  142  9:31  Adept  
  150  9:37  Templar Archives  
  150  9:44  Charge (Chrono Boost)  
  150  9:51  Carrier  
  142  10:06  Carrier  
  152  10:17  High Templar x4  
  160  10:24  Protoss Ground Weapons Level 1 (Chrono Boost), Protoss Air Weapons Level 2 (Chrono Boost)  
  160  10:25  Zealot x2  
  164  10:29  Pylon x2  
  164  10:30  Pylon  
  164  10:35  Carrier  
  164  10:36  Nexus  
  164  10:43  Psionic Storm  
  164  10:46  Pylon  
  164  10:49  Zealot x6  
  182  10:50  Assimilator  
  182  10:54  Assimilator  
  182  10:55  Archon x2  
  181  11:11  Robotics Facility  
  181  11:13  Oracle  
  184  11:18  Zealot x2  
  182  11:54  Pylon x2  
  180  12:06  Observer  
  187  12:14  Zealot x3  
  187  12:15  Zealot x3  
  191  12:40  High Templar x4  
Tags
 
Add a new tag
Caveats
  • Supply blocks, unpowered buildings, or Contaminate may cause inaccurate times.
  • Supply counts are checked every 10 seconds.